 Dungeon Crawl Stone Soup version 0.27.0 (webtiles) character file.

Game seed: 4895571794818469239

510 mainiacjoe the Magician (level 7, -3/50 HPs)
             Began as a Djinni Hedge Wizard on July 30, 2021.
             Was an Initiate of Makhleb.
             Slain by an ogre (7 damage)
             ... on level 5 of the Dungeon on July 31, 2021.
             The game lasted 00:21:36 (6235 turns).

mainiacjoe the Magician (Djinni Hedge Wizard)       Turns: 6235, Time: 00:21:37

Health: -3/50      AC:  6    Str:  9    XL:     7   Next: 42%
Gold:   170        EV: 12    Int: 18    God:    Makhleb [......] SH:  0 Dex: 12

rFire    + + .     SeeInvis .   a - +0 spear (freeze)
rCold    x . .     Faith    +   (no shield)
rNeg     . . .     Spirit   .   s - +0 robe
rPois    ∞         Reflect  .   B - +1 helmet
rElec    .         Harm     .   e - +1 cloak
rCorr    .         Rampage  .   (no gloves)
Will     .....                  (boots unavailable)
Stlth    ++........             D - amulet of faith
HPRegen  0.16/turn              y - ring of wizardry
MPRegen  0.00/turn              (no ring)

@: flying
A: sickness immunity, fire resistance 2, cold vulnerability 1, float, innate
caster, hp casting, extra vitality 1
a: Renounce Religion


You were on level 5 of the Dungeon.
You worshipped Makhleb.
Makhleb was noncommittal.
You visited 2 branches of the dungeon, and saw 6 of its levels.
You also visited: Sewer.

You collected 170 gold pieces.

Inventory:

Hand Weapons
 a - a +0 spear of freezing (weapon)
 b - a +0 hunting sling
 f - a +0 falchion
 k - a +0 dagger
 x - a +0 glaive
Missiles
 d - 56 stones (quivered)
 g - a throwing net {=F}
 i - 86 arrows
 l - 21 bolts
 A - 7 javelins
Armour
 e - a +1 cloak (worn)
 s - a +0 robe (worn)
 B - a +1 helmet (worn)
Jewellery
 y - a ring of wizardry (left hand)
 D - an amulet of faith (around neck)
Wands
 c - a wand of iceblast (10)
 p - a wand of paralysis (13)
Scrolls
 m - a scroll of teleportation
 n - a scroll of magic mapping
 q - a scroll of brand weapon
 u - a scroll of enchant weapon {unknown}
 v - a scroll of immolation {unknown}
 z - a scroll of noise {unknown}
 C - a scroll of amnesia {unknown}
 F - a scroll of vulnerability {unknown}
Potions
 h - 3 potions of mutation
 j - a potion of attraction {unknown}
 o - 2 potions of heal wounds
 r - a potion of experience {unknown}
 t - a potion of magic {unknown}
 w - a potion of cancellation
 E - a potion of brilliance {unknown}


   Skills:
 + Level 3.2 Fighting
 - Level 2.5 Dodging
 + Level 3.6 Stealth
 * Level 4.6 Spellcasting


You couldn't memorise any spells.
You knew the following spells:

 Your Spells              Type           Power      Damage    Failure   Level
a - Magic Dart            Conj           80%        1d7       1%          1
b - Searing Ray           Conj           40%        3d4       1%          2
c - Mephitic Cloud        Conj/Pois/Air  20%        N/A       2%          3
d - Slow                  Hex            20%        N/A       1%          2
e - Conjure Flame         Conj/Fire      20%        6-21      2%          3
f - Beastly Appendage     Tmut           40%        N/A       1%          1
g - Static Discharge      Conj/Air       20%        N/A       1%          2
i - Call Imp              Summ           20%        N/A       1%          2
k - Blink                 Tloc           N/A        N/A       1%          2
Your spell library was empty.

Dungeon Overview and Level Annotations

Branches:
Dungeon (5/15)             Temple (1/1) D:4           Sewer (visited)

Altars:
Ashenzari
Cheibriados
Dithmenos
Gozag
Hepliaklqana
Makhleb
Nemelex Xobeh
Okawaru
Qazlal
Sif Muna
Trog
Uskayaw
Vehumet
Wu Jian
Xom
Yredelemnul
Zin
The Shining One

Shops:
D:4 (


Innate Abilities, Weirdness & Mutations

You are immune to sickness and miasma.
You are immune to poison.
Your flesh is very heat resistant. (rF++)
You are vulnerable to cold. (rC-)
You float through the air rather than walking.
You learn spells naturally, not from books.
Your magical power is your life essence.
You have superior vitality. (+4 HP)


Message History

You hit the orc. You freeze the orc.
The orc is moderately wounded.
The orc closely misses you.
You hit the orc but do no damage.
The orc is moderately wounded.
The orc barely misses you.
You barely miss the orc.
The orc is moderately wounded.
The orc hits you with a +0 hand axe.
You hit the orc. You freeze the orc.
The orc is heavily wounded.
The orc misses you.
You hit the orc. You freeze the orc.
You kill the orc!
Makhleb accepts your kill.
Casting: Mephitic Cloud (dangerous; 2% risk of failure)
Confirm with . or Enter, or press ? or * to list all spells.
Aiming: Searing Ray (safe; 1% risk of failure)
Press: ? - help, Shift-Dir - straight line, f - ogre
Aim: an ogre, wielding a +0 giant club (lightly wounded, 89% to hit)
The searing ray hits the ogre!
The ogre is moderately wounded.
The searing ray hits the orc.
You kill the orc!
Makhleb accepts your kill. (Press . to maintain the ray.)
The ogre hits you with a +0 giant club!
The searing ray hits the ogre.
The ogre is heavily wounded.
The ogre hits you with a +0 giant club!!
* * * LOW HITPOINT WARNING * * *
Okay, then.
The searing ray hits the ogre.
The ogre is severely wounded.
* * * LOW HITPOINT WARNING * * *
The searing ray hits the ogre.
The ogre is almost dead.
* * * LOW HITPOINT WARNING * * *
You finish channeling your searing ray.
The ogre hits you with a +0 giant club!
You die...

#<.'...#
####...#
#....###
#.####
#.###
#...#
###.#
#.# #@#
#O# #.#
))# ..#
...#
...#
....#


You could see an ogre.

Vanquished Creatures
  Purgy (Sewer)
  A water moccasin skeleton (D:4)
  An orc priest (D:5)
  A hound (D:4)
  A bullfrog skeleton (D:4)
  An iguana (D:4)
  Natasha (thrice) (D:4)
  5 gnolls
  7 adders
  2 worms (D:3)
  4 orcs (D:5)
  10 ball pythons
  3 bats (D:1)
  6 endoplasms
  5 goblins
  7 hobgoblins
  4 kobolds
  4 quokkas
  7 frilled lizards
  6 rats
79 creatures vanquished.

Vanquished Creatures (collateral kills)
  2 gnolls (D:2)
  3 adders
  2 worms (D:3)
  A dart slug (D:2)
  2 endoplasms
  A hobgoblin (D:1)
  2 kobolds
  2 rats
15 creatures vanquished.

Grand Total: 94 creatures vanquished

Notes
Turn   | Place    | Note
-------+----------+-------------------------------------------
     0 | D:1      | mainiacjoe the Djinni Hedge Wizard began the quest for the
                  | Orb.
     0 | D:1      | Reached XP level 1. HP: 15/15 MP: 0/0
   169 | D:1      | Reached XP level 2. HP: 20/21 MP: 0/0
   904 | D:1      | Reached XP level 3. HP: 14/26 MP: 0/0
   904 | D:1      | Learned a level 1 spell: Beastly Appendage
  1310 | D:1      | Found a faded altar of an unknown god.
  1781 | D:2      | Reached skill level 1 in Fighting
  1781 | D:2      | Reached skill level 3 in Spellcasting
  1781 | D:2      | Reached XP level 4. HP: 18/32 MP: 0/0
  2669 | D:3      | Found a bloodstained altar of Trog.
  2823 | D:3      | Found a glowing drain.
  2949 | Sewer    | Entered a sewer
  3013 | Sewer    | Noticed Purgy
  3065 | Sewer    | Killed Purgy
  3066 | Sewer    | Reached XP level 5. HP: 15/38 MP: 0/0
  3066 | Sewer    | Learned a level 2 spell: Searing Ray
  3785 | D:3      | Found a broken altar of Ashenzari.
  3793 | D:3      | Found a glowing golden altar of the Shining One.
  4015 | D:3      | Reached XP level 6. HP: 40/43 MP: 0/0
  4413 | D:4      | Noticed Natasha
  4471 | D:4      | Found a hazy altar of Hepliaklqana.
  4485 | D:4      | Killed Natasha
  4603 | D:4      | Reached skill level 4 in Spellcasting
  4712 | D:4      | Noticed Natasha
  4716 | D:4      | Killed Natasha
  4791 | D:4      | Noticed Natasha
  4795 | D:4      | Killed Natasha
  5022 | D:4      | Found a staircase to the Ecumenical Temple.
  5040 | Temple   | Entered the Ecumenical Temple
  5107 | Temple   | Became a worshipper of Makhleb the Destroyer
  5158 | D:4      | Reached XP level 7. HP: 47/49 MP: 0/0
  5158 | D:4      | Learned a level 2 spell: Static Discharge
  5263 | D:4      | Found an iron altar of Okawaru.
  5411 | D:4      | Found Wivyalas's Weapon Shoppe.
  6198 | D:5      | Entered Level 5 of the Dungeon
  6235 | D:5      | Slain by an ogre

Illustrated notes

Levels and vault maps discovered:
D:1:      erik_arrival_blinker_ship, layout_basic,
          shapermc_ecumenical_altar_totnotflames
D:2:      layout_loops_cross
D:3:      layout_basic, mainiacjoe_overflow_catwalk_spiral,
          mainiacjoe_overflow_brackets, lightli_sewer_entry_pipes,
          saegor_snake_ambush
D:4:      layout_gridville, okawaru_ov_weapons_minmay,
          mainiacjoe_overflow_boulevard, minmay_temple_entry_glassed_door,
          serial_shops, nicolae_shop_behind_doors, uniq_natasha
D:5:      layout_basic, st_stairs_6, uniq_grinder
Temple:   dshaligram_water_room_temple

Skill      XL: |  1  2  3  4  5  6  7 |
---------------+----------------------+-----
Stealth        | 2 3 |  3.6
Fighting       | 1 2 3 |  3.2
Spellcasting   | 3 4 |  4.6
Dodging        | |  2.5

Action                   |  1- 3 |  4- 6 |  7- 9 || total
-------------------------+-------+-------+-------++-------
Melee: Dagger            |    10 |       |       ||    10
       Falchion          |     9 |       |       ||     9
       Spear             |       |    38 |    23 ||    61
 Fire: Hunting sling     |       |    56 |     5 ||    61
Throw: Stone             |     6 |    12 |       ||    18
 Cast: Magic Dart        |    36 |    29 |     2 ||    67
       Call Imp          |     7 |    10 |       ||    17
       Beastly Appendage |     1 |       |       ||     1
       Mephitic Cloud    |       |     4 |     1 ||     5
       Searing Ray       |       |    11 |     8 ||    19
  Use: Scroll            |       |     6 |     1 ||     7
       Potion            |       |     2 |       ||     2
 Stab: Sleeping          |     1 |     6 |       ||     7
       Distracted        |       |     1 |       ||     1
       Confused          |       |       |     3 ||     3
Armor: Robe              |     3 |     8 |     4 ||    15
Dodge: Dodged            |    11 |    19 |    13 ||    43
       Rpst.: Falchion   |     3 |       |       ||     3
